 Dungeon Crawl Stone Soup version 0.22.0 (webtiles) character file.

315 KnightedAnt the Skirmisher (level 6, -7/49 HPs)
             Began as a Formicid Abyssal Knight on Oct 28, 2018.
             Was a Believer of Lugonu.
             Mangled by Grinder (8 damage)
             ... on level 4 of the Dungeon.
             The game lasted 00:06:43 (4643 turns).

KnightedAnt the Skirmisher (FoAK)                   Turns: 4643, Time: 00:06:44

Health: -7/49      AC: 10    Str: 18    XL:     6   Next: 72%
Magic:  8/8        EV:  8    Int: 12    God:    Lugonu [**....]
Gold:   118        SH:  0    Dex: 10    Spells: 5/5 levels left

rFire    . . .     SeeInvis +   a - +1 mace
rCold    . . .     Gourm    .   (no shield)
rNeg     . . .     Faith    .   z - +0 chain mail
rPois    .         Spirit   .   (helmet unavailable)
rElec    .         Reflect  .   (no cloak)
rCorr    .         Harm     .   d - +0 pair of gloves
MR       .....                  (no boots)
Stlth    ..........             (no amulet)
HPRegen  0.16/turn              (no ring)
MPRegen  0.11/turn              (no ring)

@: no status effects
A: permanent stasis, dig shafts and tunnels, four strong arms, antennae 3
a: Dig, Shaft Self, Depart the Abyss, Bend Space, Renounce Religion


You were on level 4 of the Dungeon.
You worshipped Lugonu.
Lugonu was pleased with you.
You were not hungry.

You visited 1 branch of the dungeon, and saw 4 of its levels.
You visited the Abyss 1 time.

You collected 118 gold pieces.

Inventory:

Hand Weapons
 a - a +1 mace (weapon)
Armour
 b - a +0 leather armour
 d - a +0 pair of gloves (worn)
 z - a +0 chain mail (worn)
Jewellery
 e - an uncursed ring of wizardry {unknown}
 h - a +4 ring of protection {unknown}
 i - an uncursed ring of ice {unknown}
 v - an uncursed ring of resist corrosion {unknown}
 A - a +3 amulet of reflection {unknown}
Wands
 x - a wand of digging (12)
Scrolls
 f - 4 scrolls of identify {unknown}
 g - a scroll of immolation {unknown}
 j - 2 scrolls of remove curse {unknown}
 k - 2 scrolls of magic mapping {unknown}
 m - a scroll of enchant armour {unknown}
 n - a scroll of fear {unknown}
 p - 3 scrolls of noise {unknown}
 u - 2 scrolls of enchant weapon {unknown}
 y - a scroll of teleportation {unknown}
 B - a scroll of blinking {unknown}
Potions
 l - a potion of berserk rage {unknown}
 o - 2 potions of might {unknown}
 q - a potion of degeneration {unknown}
 r - 2 potions of curing {unknown}
 s - a potion of brilliance {unknown}
 t - a potion of lignification {unknown}
 w - a potion of cancellation {unknown}
Comestibles
 c - 8 rations


   Skills:
 + Level 4.5 Fighting
 + Level 3.4 Maces & Flails
 + Level 3.7 Armour
 + Level 2.5 Dodging
 + Level 3.8 Invocations


You had 5 spell levels left.
You didn't know any spells.
Your spell library contained the following spells:

 Spells                   Type           Power        Failure   Level  Hunger
 Apportation              Tloc           #.....       99%         1    ##.....
 Summon Small Mammal      Summ           #...         99%         1    ##.....
 Animate Skeleton         Necr           N/A          99%         1    ##.....
 Confusing Touch          Hex            #.....       99%         1    ##.....


Dungeon Overview and Level Annotations

Branches:
Dungeon (4/15)
 Temple: D:4-7

Altars:
Kikubaaqudgha

Annotations:
D:3 3 runed doors, lepoulpe303's ghost, weakling GrFi; taqueso's ghost, amateur DgSk
D:4 Grinder


Innate Abilities, Weirdness & Mutations

You cannot be hasted, slowed, berserked, paralysed or teleported.
You can dig through walls and to a lower floor.
Your four strong arms can wield two-handed weapons with a shield.
You have a pair of large antennae on your head. (SInv)


Message History

Grinder hits you but does no damage.
Your chain mail prevents you from hitting Grinder.
Grinder is severely wounded.
Grinder barely misses you.
You barely miss Grinder.
Grinder is severely wounded.
Grinder hits you.
* * * LOW HITPOINT WARNING * * *
You writhe in agony.
* * * LOW HITPOINT WARNING * * *
You hit Grinder.
Grinder is almost dead.
Grinder hits you.
* * * LOW HITPOINT WARNING * * *
Grinder gestures at you. You resist with some effort.
You hit Grinder.
Grinder is almost dead.
Grinder hits you!
You die...

#.#..................#........
#.##.#.#.########.#####.######
#.###...## #.#####(#
####.####.## ###.#.....#
..........# #.. #.#####
.....####.# #.# #.# ###### #.#
#.# #.# #.########.###.#
#.....(.@5.....#####.#
##########.........(.#
#############


You could see Grinder.

Vanquished Creatures
  Blork the orc (D:4)
  A howler monkey (D:4)
  A worker ant (D:4)
  Robin (D:2)
  A howler monkey skeleton (D:4)
  4 gnolls (D:4)
  3 adders
  2 oozes (D:4)
  3 worms
  2 dart slugs (D:1)
  5 orcs
  A giant cockroach (D:4)
  14 goblins
  9 hobgoblins
  6 jackals (D:1)
  8 kobolds
  2 quokkas
  3 ball pythons
  6 bats
  4 frilled lizards
  A leopard gecko skeleton (D:4)
  A quokka skeleton (D:4)
  6 rats
85 creatures vanquished.

Vanquished Creatures (others)
  A withered plant (D:3)
1 creature vanquished.

Grand Total: 86 creatures vanquished

Notes
Turn   | Place    | Note
-------+----------+-------------------------------------------
     0 | Abyss:1  | KnightedAnt the Formicid Abyssal Knight began the quest for the Orb.
     0 | Abyss:1  | Reached XP level 1. HP: 18/18 MP: 2/2
    35 | Abyss:1  | Noticed a green death
    39 | Abyss:1  | Noticed a jumping spider
    43 | D:1      | Escaped the Abyss
    79 | D:1      | Reached * piety under Lugonu
    79 | D:1      | Reached skill level 1 in Dodging
   298 | D:1      | Reached XP level 2. HP: 16/24 MP: 3/3
   699 | D:1      | Reached XP level 3. HP: 17/29 MP: 4/4
  1472 | D:1      | Reached ** piety under Lugonu
  1668 | D:2      | Reached XP level 4. HP: 4/37 MP: 6/6
  1999 | D:2      | Found an ancient bone altar of Kikubaaqudgha.
  2098 | D:2      | Noticed Robin
  2128 | D:2      | Killed Robin
  2352 | D:2      | Reached XP level 5. HP: 37/42 MP: 7/7
  2543 | D:3      | Reached skill level 4 in Fighting
  3134 | D:3      | Found a runed gate.
  3134 | D:3      | Found a runed gate.
  3134 | D:3      | Found a runed gate.
  3134 | D:3      | Noticed taqueso's ghost (amateur DgSk)
  3134 | D:3      | Noticed lepoulpe303's ghost (weakling GrFi)
  3387 | D:4      | Noticed Blork the orc
  3416 | D:4      | Killed Blork the orc
  3699 | D:4      | Reached XP level 6. HP: 34/48 MP: 8/8
  4621 | D:4      | Noticed Grinder
  4642 | D:4      | HP: 1/49 [Grinder (3)]
  4643 | D:4      | Mangled by Grinder

Skill      XL: |  1  2  3  4  5 |
---------------+----------------+-----
Dodging        | 1 2 |  2.5
Armour         | 3 |  3.7
Invocations    | 3 |  3.8
Fighting       | 4 |  4.5
Maces & Flails | 3 |  3.4

Action                   |  1- 3 |  4- 6 || total
-------------------------+-------+-------++-------
Melee: Mace              |   114 |   242 ||   356
Invok: Depart the Abyss  |     1 |       ||     1
 Abil: Dig               |     2 |     5 ||     7
  Use: Potion            |       |     2 ||     2
  Eat: Chunk             |     3 |    11 ||    14
Armor: Leather armour    |    54 |    31 ||    85
       Chain mail        |       |    40 ||    40
Dodge: Dodged            |    96 |   143 ||   239
